 Dungeon Crawl Stone Soup version 0.30-a0-458-g86641cc369 (webtiles) character file.

Game seed: 6664946734524945413

42 Jackthecabe the Conjurer (level 3, -1/26 HPs)
             Began as a Demigod Conjurer on Dec 15, 2022.
             Slain by an ice beast (9 damage)
             ... on level 3 of the Dungeon.
             The game lasted 00:03:11 (2403 turns).

Jackthecabe the Conjurer (Demigod Conjurer)         Turns: 2403, Time: 00:03:11

Health: -1/26      AC:  2    Str:  8    XL:     3   Next: 19%
Magic:  11/18      EV: 12    Int: 24    God:
Gold:   107        SH:  0    Dex: 12    Spells: 4/7 levels left

rFire   . . .      SeeInvis .    (no weapon)
rCold   . . .      Faith    .    (no shield)
rNeg    . . .      Spirit   .    a - +0 robe
rPois   .          Reflect  .    (no helmet)
rElec   .          Harm     .    (no cloak)
rCorr   .          Rampage  .    (no gloves)
Will    .....                    (no boots)
Stlth   ++........               (no amulet)
HPRegen 0.24/turn                M - ring of magical power
MPRegen 0.16/turn                (no ring)

@: no status effects
A: high MP 1, forlorn, divine attributes
a: no special abilities


You were on level 3 of the Dungeon.
You visited 1 branch of the dungeon, and saw 3 of its levels.

You collected 107 gold pieces.


Innate Abilities, Weirdness & Mutations

You have an increased reservoir of magic. (+10% MP)
You shall have no god before yourself.
Your divine heritage dramatically boosts your attributes as you level up.


   Skills:
 - Level 1.7 Dodging
 - Level 1.7 Stealth
 + Level 2.5 Spellcasting
 + Level 4.1 Conjurations
 + Level 0.7 Hexes


You had 4 spell levels left.
You knew the following spells:

 Your Spells              Type           Power      Damage    Failure   Level
m - Magic Dart            Conj           88%        1d7       1%          1
s - Searing Ray           Conj           44%        2d6       3%          2

Your spell library contained the following spells:

 Spells                   Type           Power      Damage    Failure   Level
 Static Discharge         Conj/Air       24%        2-3/arc   8%          2
 Beastly Appendage        Tmut           6%         N/A       12%         1
 Dazzling Flash           Conj/Hex       28%        N/A       13%         3
 Poisonous Vapours        Pois/Air       6%         N/A       17%         2
 Scorch                   Fire           6%         2d5       17%         2
 Wereblood                Tmut           3%         N/A       17%         2
 Frozen Ramparts          Ice            6%         1d1       34%         3
 Ignite Poison            Fire/Tmut/Pois 3%         N/A       34%         3
 Spider Form              Tmut/Pois      3%         N/A       34%         3
 Vhi's Electric Charge    Tloc/Air       6%         N/A       34%         3
 Fulminant Prism          Conj/Hex       7%         3d7       38%         4
 Flame Wave               Conj/Fire      12%        2d6       43%         4
 Iskenderun's Mystic Bla  Conj/Tloc      12%        2d5       43%         4
 Ice Form                 Ice/Tmut       3%         N/A       75%         4
 Summon Ice Beast         Ice/Summ       3%         N/A       75%         4
 Arcjolt                  Conj/Air       6%         1d16      80%         5
 Lightning Bolt           Conj/Air       6%         1d18      80%         5
 Eringya's Noxious Bog    Tmut/Pois      1%         N/A       100%        6
 Summon Cactus Giant      Summ           1%         N/A       100%        6

Inventory:

Armour
 a - a +0 robe (worn)
Jewellery
 M - a ring of magical power (left hand)
Scrolls
 c - 2 scrolls of identify {unknown}
 f - a scroll of teleportation {unknown}
 j - 2 scrolls of summoning {unknown}
 m - a scroll of fog {unknown}
 n - a scroll of blinking {unknown}
 o - a scroll of enchant armour {unknown}
Potions
 b - a potion of magic
 d - 2 potions of flight {unknown}
 e - 2 potions of curing {unknown}
 g - a potion of mutation {unknown}
 h - a potion of degeneration {unknown}
 i - a potion of lignification {unknown}
 k - a potion of resistance {unknown}
 l - a potion of attraction {unknown}
 p - a potion of heal wounds {unknown}

Dungeon Overview and Level Annotations

Branches:
Dungeon (3/15)

Shops:
D:1

: #.....####
#...†....# #
#.###.##.#
#.#.###.##.# ###
.##.#.#.>......# #..
...†....#...#..# #.#
.######.#..##).####.#
#....#.........>..
#@####....>.......
#Y# ..............
#.# ##############
..# #######
.....#######......
......g....##......
#.....####.#.......
#.... #.#.###.#.
###.#.#.#.#.


You could see an ice beast.


Message History

Confirm with . or Enter, or press ? or * to list all spells.
Aiming: Searing Ray (safe; 3% risk of failure)
Press: ? - help, Shift-Dir - straight line, f - ice beast
Aim: an ice beast (wandering, hasn't noticed you, 78% to hit)
The searing ray hits the ice beast.
The ice beast is lightly wounded. (Press . to maintain the ray.)
The searing ray misses the ice beast.
The searing ray hits the ice beast.
The ice beast is moderately wounded.
The searing ray hits the ice beast.
The ice beast is heavily wounded.
You finish channelling your searing ray.
The ice beast closely misses you.
Casting: Searing Ray (safe; 3% risk of failure)
Confirm with . or Enter, or press ? or * to list all spells.
Aiming: Searing Ray (safe; 3% risk of failure)
Press: ? - help, Shift-Dir - straight line, f/p - ice beast
Aim: an ice beast (heavily wounded, 78% to hit)
The searing ray hits the ice beast!
The ice beast is severely wounded. (Press . to maintain the ray.)
The ice beast hits you. The ice beast freezes you!
* * * LOW HITPOINT WARNING * * *
The searing ray hits the ice beast.
The ice beast is almost dead.
The ice beast hits you.
* * * LOW HITPOINT WARNING * * *
The ice beast freezes you!
You die...

Skill      XL: |  1  2 |
---------------+-------+-----
Spellcasting   | 2 |  2.5
Conjurations   | 4 |  4.1
Dodging        | |  1.7
Stealth        | |  1.7
Hexes          | |  0.7

Action                   || total
-------------------------++-------
Melee: Unarmed           ||    32
 Cast: Magic Dart        ||    66
       Searing Ray       ||     5
Armor: Robe              ||    10
Dodge: Dodged            ||    30

Levels and vault maps discovered:
D:1:      tarquinn_simple_flora_water_e, layout_basic, serial_shops,
          nicolae_diamond_shop
D:2:      layout_basic, shapermc_ecumenical_altar_totnotflames,
          minmay_split_cup_large
D:3:      layout_basic, serial_shops, nicolae_shop_bloodbath_and_beyond

Notes
Turn   | Place    | Note
-------+----------+-------------------------------------------
     0 | D:1      | Jackthecabe the Demigod Conjurer began the quest for the
                  | Orb.
     0 | D:1      | Reached XP level 1. HP: 14/14 MP: 5/5
    61 | D:1      | Found Plog's Book Boutique.
   214 | D:1      | You fall into a shaft and drop 1 floor!
   218 | D:2      | Reached skill level 2 in Spellcasting
   410 | D:2      | Reached XP level 2. HP: 20/20 MP: 5/7
   413 | D:2      | Learned a level 2 spell: Searing Ray
   814 | D:2      | Reached skill level 4 in Conjurations
  1954 | D:2      | Reached XP level 3. HP: 26/26 MP: 9/9
  2245 | D:3      | Noticed an ice beast
  2394 | D:3      | Got the Atlas of Virulent Firn
  2403 | D:3      | Slain by an ice beast

Vanquished Creatures
  2 worms (D:2)
  A dart slug (D:2)
  A ball python (D:3)
  3 bats
  5 endoplasms
  3 giant cockroaches
  3 goblins
  2 hobgoblins
  3 jackals (D:1)
  A quokka (D:2)
  A frilled lizard (D:2)
  2 kobolds
  3 rats (D:1)
30 creatures vanquished.

Table legend: (Time is in decaauts)
 A = Elapsed time spent in this place.
 B = Non-inter-level travel time spent in this place.
 C = Inter-level travel time spent in this place.
 D = Time resting spent in this place.
 E = Time spent auto-exploring this place.
 F = Levels seen in this place.
 G = Mean time per level.
                   A        B        C        D        E       F      G
               +--------+--------+--------+--------+--------+-----+--------+
         Total |   2402 |   2328 |     74 |     99 |   1947 |   3 |  800.7 |
       Dungeon |   2402 |   2328 |     74 |     99 |   1947 |   3 |  800.7 |
               +--------+--------+--------+--------+--------+-----+--------+

Top non-repeatable levels by time:
     D:2: 1418 daAuts
     D:1: 758 daAuts
     D:3: 225 daAuts

Table legend:
 A = Non-vault XP
 B = Vault XP
 C = Vault XP percentage of total XP
 D = Non-vault monster count
 E = Vault monster count
 F = Vault count percentage of total count
                 A         B        C        D         E       F
            +---------+---------+-------+---------+---------+-------
      Total |      48 |      13 |  21.3 |      26 |       4 |  13.3
            +---------+---------+-------+---------+---------+-------
        D:1 |      20 |       0 |   0.0 |      12 |       0 |   0.0
        D:2 |      16 |      13 |  44.8 |       7 |       4 |  36.4
        D:3 |      12 |       0 |   0.0 |       7 |       0 |   0.0
            +---------+---------+-------+---------+---------+-------
